 Dungeon Crawl Stone Soup version 0.18.1-6-gd335043 (webtiles) character file.

1004 tyrsky the Magician (level 8, -2/41 HPs)
             Began as a Deep Elf Fire Elementalist on May 17, 2016.
             Was a Follower of Vehumet.
             Slain by a wasp zombie (7 damage)
             ... on level 5 of the Dungeon.
             The game lasted 00:12:10 (3766 turns).

tyrsky the Magician (Deep Elf Fire Elementalist)    Turns: 3766, Time: 00:12:11

Health: -2/41      AC:  3    Str:  7    XL:     8   Next: 0%
Magic:  19/21      EV: 13    Int: 21    God:    Vehumet [*.....]
Gold:   133        SH:  0    Dex: 15    Spells: 4 memorised, 9 levels left

rFire  . . .     SeeInvis .     w - +2 mace (crush)
rCold  . . .     Gourm    .     a - +0 robe
rNeg   . . .     Faith    .     (no shield)
rPois  .         Spirit   .     (no helmet)
rElec  .         Dismiss  .     l - +0 cloak
rCorr  .         Reflect  .     (no gloves)
SustAt .         Harm     .     (no boots)
MR     .....                    r - amulet of inaccuracy (curse)
Stlth  ++........               (no ring)
                                t - ring of wizardry

@: not resistant to hostile enchantments, unstealthy
A: no striking features
a: Renounce Religion


You were on level 5 of the Dungeon.
You worshipped Vehumet.
Vehumet was aware of your devotion.
You were not hungry.

You visited 2 branches of the dungeon, and saw 6 of its levels.

You collected 133 gold pieces.

Inventory:

Hand Weapons
 h - a +0 short sword
 w - a +2 mace of crushing (weapon)
Armour
 a - a +0 robe (worn)
 l - a +0 cloak (worn)
 n - a +0 buckler
Jewellery
 r - a cursed amulet of inaccuracy (around neck)
 t - a ring of wizardry (left hand)
Wands
 y - a wand of confusion (26/48)
 A - a wand of disintegration (9/24)
 E - a wand of random effects (17/48)
Scrolls
 d - 5 scrolls of enchant weapon {unknown}
 e - 7 scrolls of identify {unknown}
 i - 2 scrolls of blinking {unknown}
 m - a scroll of teleportation {unknown}
 q - a scroll of remove curse {unknown}
 u - 2 scrolls of random uselessness {unknown}
 x - a scroll of immolation {unknown}
 z - a scroll of fear {unknown}
 D - a scroll of fog {unknown}
 G - a scroll of enchant armour {unknown}
Potions
 f - a potion of brilliance {unknown}
 g - 4 potions of curing {unknown}
 k - 2 potions of cure mutation {unknown}
 o - a potion of magic {unknown}
 p - 2 potions of lignification {unknown}
 s - 2 potions of heal wounds {unknown}
 v - a potion of haste {unknown}
 B - a potion of resistance {unknown}
Books
 b - a book of Flames

   Spells                             Type                      Level
   a - Flame Tongue                   Conjuration/Fire             1
   b - Throw Flame                    Conjuration/Fire             2
   c - Conjure Flame                  Conjuration/Fire             3
   d - Inner Flame                    Hexes/Fire                   3
   e - Sticky Flame                   Conjuration/Fire             4
   f - Fireball                       Conjuration/Fire             5
Comestibles
 c - 4 bread rations
 j - a meat ration
 C - a beef jerky


   Skills:
 - Level 2.4 Dodging
 - Level 2.4 Stealth
 + Level 7.9 Spellcasting
 + Level 5.6 Conjurations
 + Level 6.6 Fire Magic


You had 9 spell levels left.
You knew the following spells:

 Your Spells              Type           Power        Failure   Level  Hunger
a - Flame Tongue          Conj/Fire      ####.        1%          1    None
b - Conjure Flame         Conj/Fire      ####....     1%          3    None
c - Sticky Flame          Conj/Fire      ####....     3%          4    ###....
d - Fireball              Conj/Fire      ####......   9%          5    #####..


Dungeon Overview and Level Annotations

Branches:
Dungeon (5/15)             Temple (1/1) D:4

Altars:
Ashenzari
Cheibriados
Elyvilon
Fedhas
Gozag
Kikubaaqudgha
Makhleb
Nemelex Xobeh
Okawaru
Pakellas
Qazlal
Ru
Sif Muna
Trog
Vehumet
Xom
Yredelemnul
Zin
The Shining One

Annotations:
D:1 exclusion: gnoll


Message History

The orc wizard hits you with a dagger.
The orc priest miscasts a cantrip.
The orc hits you with a falchion.
* * * LOW HITPOINT WARNING * * *
The orc wizard casts a spell.
The orc wizard flickers and vanishes!
Deactivating autopickup; reactivate with Ctrl-A.
The orc hits the plant but does no damage.
A wasp zombie comes into view.
A puff of frost appears from out of thin air!
The puff of frost hits you!
* * * LOW HITPOINT WARNING * * *
The wasp zombie closely misses you. The wasp zombie hits you.
* * * LOW HITPOINT WARNING * * *
A puff of flame appears from out of thin air!
The puff of flame hits the orc.
The orc dies!
The wasp zombie hits you!
You die...

.......#......#.....#
.......#............#.....
.........................
....###########..####...
##..#).#..(#..#..)..#..####+##
##..#..#.(.#.)#..#..#.........
....##'#.).##'#..####.........
.......##'##..................
.........†...⌠..eZ.)..........
##............^#+#####........
##...####..###+# #.#######
#...P#.)#P.# #o# #....#..#..#
#######.#
#....#'##P.#####.o.o..o#
##.......J..J..J.......#
##.....########...........#
..............#...........#


You could see a wasp zombie.

Vanquished Creatures
  2 ice beasts (D:5)
  An ogre (D:4)
  A centaur (D:5)
  Blork the orc (D:5)
  A water moccasin skeleton (D:5)
  2 scorpions (D:4)
  An orc priest (D:3)
  A giant frog skeleton (D:5)
  2 iguanas
  5 orc wizards
  A worker ant (D:4)
  7 adders
  3 worms (D:2)
  A dart slug (D:2)
  2 giant geckos
  21 orcs
  A ball python (D:3)
  2 bats (D:3)
  A giant cockroach (D:5)
  9 goblins
  12 hobgoblins
  12 kobolds
  2 quokkas
  5 giant newts
  6 rats
102 creatures vanquished.

Vanquished Creatures (others)
  An orc (D:5)
1 creature vanquished.

Grand Total: 103 creatures vanquished

Notes
Turn   | Place    | Note
--------------------------------------------------------------
     0 | D:1      | tyrsky the Deep Elf Fire Elementalist began the quest for the Orb.
     0 | D:1      | Reached XP level 1. HP: 10/10 MP: 6/6
   191 | D:1      | Reached XP level 2. HP: 15/15 MP: 4/8
   672 | D:2      | Reached XP level 3. HP: 16/19 MP: 6/10
   677 | D:2      | Learned a level 3 spell: Conjure Flame
   869 | D:2      | Reached skill level 4 in Spellcasting
  1049 | D:2      | Found an oddly glowing altar of Pakellas.
  1049 | D:2      | Noticed an orange crystal statue
  1050 | D:2      | Noticed a troll
  1169 | D:3      | Reached XP level 4. HP: 24/24 MP: 4/12
  1175 | D:3      | Learned a level 4 spell: Sticky Flame
  1321 | D:3      | Found a sparkling altar of Nemelex Xobeh.
  1752 | D:4      | Reached XP level 5. HP: 21/28 MP: 9/14
  1878 | D:4      | Reached skill level 5 in Spellcasting
  2153 | D:4      | Reached skill level 5 in Fire Magic
  2153 | D:4      | Reached XP level 6. HP: 27/32 MP: 3/16
  2446 | D:4      | Reached skill level 6 in Spellcasting
  2569 | D:4      | Found a staircase to the Ecumenical Temple.
  2587 | Temple   | Entered the Ecumenical Temple
  2676 | Temple   | Became a worshipper of Vehumet
  3074 | D:5      | Entered Level 5 of the Dungeon
  3074 | D:5      | Noticed an ice beast
  3122 | D:5      | Found a bloodstained altar of Trog.
  3143 | D:5      | Noticed an ice beast
  3157 | D:5      | Killed an ice beast
  3157 | D:5      | Reached XP level 7. HP: 36/36 MP: 14/19
  3163 | D:5      | Noticed Blork the orc
  3197 | D:4      | Learned a level 5 spell: Fireball
  3283 | D:5      | Killed Blork the orc
  3283 | D:5      | Reached skill level 7 in Spellcasting
  3365 | D:5      | Reached skill level 5 in Conjurations
  3523 | D:5      | Reached * piety under Vehumet
  3523 | D:5      | Offered knowledge of Sting by Vehumet.
  3649 | D:5      | Reached XP level 8. HP: 9/41 MP: 11/21
  3766 | D:5      | Slain by a wasp zombie

Skill      XL: |  1  2  3  4  5  6  7 |
---------------+----------------------+-----
Conjurations   | 2 3 4 5 |  5.6
Spellcasting   | 4 5 6 7 |  7.9
Fire Magic     | 4 5 6 |  6.6
Dodging        | |  2.4
Stealth        | |  2.4

Action                   |  1- 3 |  4- 6 |  7- 9 || total
-------------------------+-------+-------+-------++-------
Melee: Unarmed           |     4 |       |       ||     4
       Mace              |       |     2 |       ||     2
 Cast: Flame Tongue      |    72 |    88 |    65 ||   225
       Sticky Flame      |       |     6 |     1 ||     7
       Fireball          |       |       |     1 ||     1
  Eat: Chunk             |       |     6 |     2 ||     8
       Beef jerky        |       |     1 |       ||     1
Armor: Robe              |     3 |     5 |     3 ||    11
Dodge: Dodged            |    18 |    18 |    12 ||    48
